 Dungeon Crawl Stone Soup version 0.25-a0-843-g6944ee31a2 (webtiles) character file.

Game seed: 13264113440833640251, levelgen mode: deterministic

131 Error4North the Skirmisher (level 5, -7/47 HPs)
             Began as a Hill Orc Fighter on Apr 25, 2020.
             Killed by divine providence
             ... invoked by an orc priest
              (11 damage)
             ... on level 3 of the Dungeon.
             The game lasted 00:06:07 (2166 turns).

Error4North the Skirmisher (Hill Orc Fighter)       Turns: 2166, Time: 00:06:08

Health: -7/47      AC: 11    Str: 20    XL:     5   Next: 14%
Magic:  4/4        EV:  5    Int:  8    God:
Gold:   121        SH:  9    Dex:  8    Spells: 4/4 levels left

rFire    . . .     SeeInvis .   a - +0 war axe
rCold    + . .     Gourm    .   c - +0 kite shield
rNeg     . . .     Faith    .   g - +0 chain mail
rPois    .         Spirit   .   (no helmet)
rElec    .         Reflect  .   (no cloak)
rCorr    .         Harm     .   z - +0 pair of gloves
MR       .....                  (no boots)
Stlth    ..........             (no amulet)
HPRegen  0.15/turn              (no ring)
MPRegen  0.09/turn              (no ring)

@: brilliant
A: clumsy 1, cold resistance 1, low mp 1, shaggy fur 1
a: Convert to Beogh


You were on level 3 of the Dungeon.
You were hungry.

You visited 1 branch of the dungeon, and saw 3 of its levels.

You collected 121 gold pieces.

Inventory:

Hand Weapons
 a - a +0 war axe (weapon)
Missiles
 w - 8 boomerangs (quivered)
Armour
 c - a +0 kite shield (worn)
 g - a +0 chain mail (worn)
 z - a +0 pair of gloves (worn)
Jewellery
 m - an uncursed ring of magical power {unknown}
 t - a +5 ring of evasion
Wands
 k - a wand of disintegration (10)
 y - a wand of scattershot (5)
Scrolls
 b - a scroll of identify {unknown}
 i - a scroll of enchant weapon {unknown}
 j - 2 scrolls of enchant armour {unknown}
 o - a scroll of magic mapping {unknown}
 q - a scroll of blinking {unknown}
 r - a scroll of teleportation {unknown}
 s - a scroll of immolation {unknown}
Potions
 d - a potion of might
 h - 2 potions of heal wounds {unknown}
 l - a potion of lignification {unknown}
 n - a potion of ambrosia {unknown}
 p - a potion of flight {unknown}
 u - a potion of curing {unknown}
Comestibles
 f - 6 rations
 x - a chunk of flesh


   Skills:
 * Level 4.5 Fighting
 + Level 4.2 Axes
 * Level 4.3 Armour
 * Level 4.0 Shields


You had 4 spell levels left.
You didn't know any spells.
Your spell library was empty.

Dungeon Overview and Level Annotations

Branches:
Dungeon (3/15)

Altars:


Innate Abilities, Weirdness & Mutations

You are clumsy. (Dex -2)
Your flesh is cold resistant. (rC+)
Your magical capacity is low. (-10% MP)
You are covered in fur. (AC +1)


Message History

You closely miss the orc priest.
The orc priest is almost dead.
You block the orc priest's attack.
Your chain mail prevents you from hitting the orc priest.
The orc priest is almost dead.
The orc priest shouts, "Beogh is our master!
Accept the truth or die!"
You block the orc priest's attack.
The orc priest calls down the wrath of Beogh upon you.
Pain shoots through your body!
* * * LOW HITPOINT WARNING * * *
It was a potion of mutation.
You feel extremely strange. Fur sprouts all over your body.
You feel clumsy.
You feel less energetic.
You feel resistant to cold. You block the orc priest's attack.
Unknown command.
You barely miss the orc priest.
The orc priest is almost dead.
The orc priest mumbles some strange prayers to Beogh against you.
Beogh smites you!
You die...

.## #....##......#
#.# .#
#.....#......###.##
##
#.....#...........#
#
#.................#
#
#....#............#
#
#....#............#
#....#.##.#........#
#....#. #.)####....#
#..$#@>..#....#
###..o†..#.....
###....# .... #....#
... #(...# #....#
#....# #....#


You could see an orc priest.

Vanquished Creatures
  6 adders
  An ooze (D:2)
  A worm (D:2)
  3 dart slugs
  3 leopard geckos
  7 orcs (D:3)
  5 bats
  5 giant cockroaches
  2 goblins (D:3)
  7 hobgoblins
  6 kobolds
  3 frilled lizards
  7 rats
56 creatures vanquished.

Notes
Turn   | Place    | Note
-------+----------+-------------------------------------------
     0 | D:1      | Error4North the Hill Orc Fighter began the quest for the
                  | Orb.
     0 | D:1      | Reached XP level 1. HP: 19/19 MP: 1/1
   284 | D:1      | Reached XP level 2. HP: 27/27 MP: 2/2
   701 | D:2      | Reached XP level 3. HP: 20/33 MP: 3/3
  1176 | D:2      | Reached XP level 4. HP: 40/40 MP: 4/4
  1797 | D:3      | Reached XP level 5. HP: 17/47 MP: 5/5
  2165 | D:3      | Gained mutation: You are covered in fur. (AC +1) [potion of
                  | mutation]
  2165 | D:3      | Gained mutation: You are clumsy. (Dex -2) [potion of
                  | mutation]
  2165 | D:3      | Gained mutation: Your magical capacity is low. (-10% MP)
                  | [potion of mutation]
  2165 | D:3      | Gained mutation: Your flesh is cold resistant. (rC+)
                  | [potion of mutation]
  2166 | D:3      | Killed from afar by an orc priest

Levels and vault maps discovered:
D:1:      psy_arrival_dodecagon, layout_loops_cross, kennysheep_pointless_box
D:2:      layout_loops_ring
D:3:      layout_rooms, eino_tiny_chamber

Skill      XL: |  1  2  3  4  5 |
---------------+----------------+-----
Axes           | 3 4 |  4.2
Fighting       | 4 |  4.5
Armour         | 4 |  4.3
Shields        | 4 |  4.0

Action                   |  1- 3 |  4- 6 || total
-------------------------+-------+-------++-------
Melee: War axe           |   106 |   114 ||   220
  Use: Potion            |       |     2 ||     2
  Eat: Chunk             |     1 |     3 ||     4
Armor: Chain mail        |    60 |    89 ||   149
Dodge: Dodged            |    21 |    41 ||    62
Block: Kite shield       |    58 |    74 ||   132

Table legend:
 A = Non-vault XP
 B = Vault XP
 C = Vault XP percentage of total XP
 D = Non-vault monster count
 E = Vault monster count
 F = Vault count percentage of total count
                 A         B        C        D         E       F
            +---------+---------+-------+---------+---------+-------
      Total |     188 |       0 |   0.0 |      56 |       0 |   0.0
            +---------+---------+-------+---------+---------+-------
        D:1 |      26 |       0 |   0.0 |      15 |       0 |   0.0
        D:2 |      78 |       0 |   0.0 |      19 |       0 |   0.0
        D:3 |      84 |       0 |   0.0 |      22 |       0 |   0.0
            +---------+---------+-------+---------+---------+-------
